 Dungeon Sprint DCSS version 0.22-a0-617-g6d95e9e (webtiles) character file.

25 Kidiri the Sneak (level 2, 0/21 HPs)
             Began as a Spriggan Enchanter on July 13, 2018.
             Succumbed to a worker ant's poison
             ... in the Dungeon (Sprint II: "The Violet Keep of Menkaure").
             The game lasted 00:00:51 (24 turns).

Kidiri the Sneak (Spriggan Enchanter)                 Turns: 24, Time: 00:00:52

Health: 0/21       AC:  2    Str:  9    XL:     2   Next: 82%
Magic:  5/7        EV: 20    Int: 16    God:
Gold:   0          SH:  0    Dex: 16    Spells: 7/8 levels left

rFire    . . .     SeeInvis +   a - +1 dagger
rCold    . . .     Gourm    .   (shield restricted)
rNeg     . . .     Faith    .   b - +0 robe
rPois    .         Spirit   .   (helmet restricted)
rElec    .         Reflect  .   (no cloak)
rCorr    .         Harm     .   (gloves unavailable)
MR       .....     NoTele   +   (boots unavailable)
Stlth    ..........             (no amulet)
HPRegen  0.07/turn              (no ring)
MPRegen  0.10/turn              (no ring)

@: berserking (expiring), lethally poisoned (0 -> -7), very quick
A: very small, unfitting armour, see invisible, herbivore, speed 3, slow
metabolism 2
a: no special abilities


You were in the Dungeon.
You were not hungry.

You visited 1 branch

Inventory:

Hand Weapons
 a - a +1 dagger (weapon)
Armour
 b - a +0 robe (worn)
Scrolls
 j - a scroll of blinking
Potions
 e - a potion of curing
 f - a potion of heal wounds
 g - a potion of haste
 h - 2 potions of magic
Comestibles
 d - a ration


   Skills:
 + Level 1.0 Fighting
 * Level 2.7 Short Blades
 + Level 1.0 Armour
 * Level 4.5 Dodging
 * Level 5.8 Stealth
 * Level 3.9 Spellcasting
 + Level 4.2 Hexes


You had 7 spell levels left.
You knew the following spells:

 Your Spells              Type           Power        Failure   Level  Hunger
a - Corona                Hex            ###....      3%          1    None

Your spell library contained the following spells:

 Spells                   Type           Power        Failure   Level  Hunger
 Confuse                  Hex            ###.....     9%          3    ###....
 Tukima's Dance           Hex            ###.....     9%          3    ###....
 Ensorcelled Hibernation  Hex/Ice        #.....       11%         2    ##.....
 Dazzling Spray           Conj/Hex       #.....       22%         3    ###....


Dungeon Overview and Level Annotations

Branches:
Dungeon (1/1)

Altars:


Innate Abilities, Weirdness & Mutations

You are very small and have problems with some larger weapons.
You are too small for most types of armour.
You have supernaturally acute eyesight. (SInv)
You are a herbivore.
You cover ground extremely quickly.
You need to consume almost no food.


Message History

Your Armour skill increases to level 1!
Your Dodging skill increases to level 4!
Your Stealth skill increases to level 5!
Your Spellcasting skill increases to level 3!
Your Hexes skill increases to level 4!
You have reached level 2!
* * * LOW HITPOINT WARNING * * *
You feel sick.
You puncture the worker ant!
The worker ant is heavily wounded.
The worker ant completely misses you.
You barely miss the worker ant.
The worker ant is heavily wounded.
You barely miss the worker ant.
The worker ant is heavily wounded.
The worker ant bites you.
* * * LOW HITPOINT WARNING * * *
You barely miss the worker ant.
The worker ant is heavily wounded.
You die... ## ## ##. .## nn#nn

# .$. # #.
#+# .##
#.a##.##.w$#
#a@<.+#
#.a##.##.w.#
#. #+# .## #
$#. # H# #H
## ##


You could see 3 worker ants.

Vanquished Creatures
  A worker ant (D)
1 creature vanquished.

Notes
Turn   | Place    | Note
-------+----------+-------------------------------------------
     0 | D        | Kidiri the Spriggan Enchanter began the quest for the Orb.
     0 | D        | Reached XP level 1. HP: 9/9 MP: 5/5
     1 | D        | Noticed a necrophage
     1 | D        | Noticed a necrophage
     1 | D        | Noticed a necrophage
     1 | D        | Noticed a necrophage
     4 | D        | Noticed a worker ant
     4 | D        | Noticed a worker ant
     4 | D        | Noticed a worker ant
     4 | D        | Noticed a worker ant
     7 | D        | Noticed a hippogriff
     7 | D        | Noticed a hippogriff
    10 | D        | Noticed a tyrant leech
    10 | D        | Noticed a tyrant leech
    20 | D        | Killed a worker ant
    20 | D        | Reached skill level 1 in Fighting
    20 | D        | Reached skill level 1 in Armour
    20 | D        | Reached skill level 5 in Stealth
    20 | D        | Reached XP level 2. HP: 7/14 MP: 5/7
    23 | D        | HP: 1/21 [worker ant (5)]
    24 | D        | Succumbed to a worker ant's poison

Vault maps used:
D:        the_violet_keep_of_menkaure

Skill      XL: |  1 |
---------------+----+-----
Fighting       | 1 |  1.0
Short Blades   | 2 |  2.7
Armour         | 1 |  1.0
Dodging        | 4 |  4.5
Stealth        | 5 |  5.8
Spellcasting   | 3 |  3.9
Hexes          | 4 |  4.2

Action                   || total
-------------------------++-------
Melee: Dagger            ||     9
  Use: Potion            ||     1
Dodge: Dodged            ||     3

Table legend:
 A = Spawn XP
 B = Non-spawn XP
 C = Spawn XP percentage of total XP
 D = Spawn monster count
 E = Non-spawn monster count
 F = Spawn count percentage of total count
 G = Total turns spent on level
                    A         B        C        D         E        F      G
               +---------+---------+-------+---------+---------+-------+---------
         Total |       0 |      36 |   0.0 |       0 |       1 |   0.0 |    24
               +---------+---------+-------+---------+---------+-------+---------
             D |       0 |      36 |   0.0 |       0 |       1 |   0.0 |    24
               +---------+---------+-------+---------+---------+-------+---------
